 Dungeon Crawl Stone Soup version 0.27.0-1-g7a089689b8 (webtiles) character file.

Game seed: 8093844522645250956

7223 TheAlmogaver the Fighter (level 10, -6/82 HPs)
             Began as a Minotaur Berserker on Aug 8, 2021.
             Was an Elder of Trog.
             Killed by divine providence
             ... invoked by an orc priest
              (11 damage)
             ... on level 11 of the Dungeon.
             The game lasted 00:28:28 (12682 turns).

TheAlmogaver the Fighter (Minotaur Berserker)      Turns: 12682, Time: 00:28:28

Health: -6/82      AC:  8    Str: 25      XL:     10   Next: 88%
Magic:  3/3        EV: 18    Int:  0 (4)  God:    Trog [****..]
Gold:   356        SH:  0    Dex: 10      Spells: 9/9 levels left

rFire    . . .     SeeInvis .   B - +5 demon whip "Spellbinder" {antimagic, Will+}
rCold    . . .     Faith    .   (no shield)
rNeg     + . .     Spirit   .   E - +0 troll leather armour
rPois    .         Reflect  .   (helmet restricted)
rElec    .         Harm     .   C - +0 cloak
rCorr    .         Rampage  .   (no gloves)
Will     +....                  t - +0 pair of boots
Stlth    +.........             (no amulet)
HPRegen  1.23/turn              o - ring of positive energy
MPRegen  0.08/turn              s - +4 ring of evasion

@: slowed, lost intelligence, very slow
A: horns 2, retaliatory headbutt, frail 1, evolution 1
a: Renounce Religion, Berserk, Trog's Hand, Brothers in Arms


You were on level 11 of the Dungeon.
You worshipped Trog.
Trog was greatly pleased with you.
You visited 2 branches of the dungeon, and saw 12 of its levels.

You collected 457 gold pieces.
You spent 101 gold pieces at shops.

Inventory:

Hand Weapons
 B - the +5 demon whip "Spellbinder" (weapon) {antimagic, Will+}
   (You found it on level 7 of the Dungeon)

   It reduces the magical energy of the wielder, and disrupts the spells and
   magical abilities of those it strikes.
   Natural abilities and divine invocations are not affected.
   It unleashes wild and unpredictable magical effects upon striking a wizard or
   a creature with magical abilities.
   Will:      It increases your willpower.
Missiles
 k - 4 throwing nets (quivered)
Armour
 j - a +0 chain mail
 t - a +0 pair of boots (worn)
 C - a +0 cloak (worn)
 E - a +0 troll leather armour (worn)
Jewellery
 o - a ring of positive energy (left hand)
 q - a ring of protection from cold
 s - a +4 ring of evasion (right hand)
 H - a ring of magical power
Wands
 b - a wand of charming (6)
 e - a wand of paralysis (6)
 i - a wand of digging (6)
 l - a wand of polymorph (18)
 n - a wand of iceblast (6)
 y - a wand of flame (27)
 F - a wand of mindburst (10)
Scrolls
 a - 2 scrolls of torment {unknown}
 c - 8 scrolls of identify
 d - 3 scrolls of amnesia {unknown}
 g - 4 scrolls of fog {unknown}
 w - a scroll of blinking {unknown}
 x - a scroll of noise {unknown}
 z - a scroll of holy word {unknown}
 A - a scroll of teleportation {unknown}
 D - a scroll of enchant weapon {unknown}
Potions
 f - a potion of might


   Skills:
 + Level 9.7 Fighting
 - Level 8.5(9.3) Axes
 + Level 5.8(8.0) Maces & Flails
 + Level 9.3 Armour
 + Level 8.4 Dodging
 - Level 1.4 Stealth
 + Level 6.1 Evocations


You had 9 spell levels left.
You didn't know any spells.
Your spell library was empty.

Dungeon Overview and Level Annotations

Branches:
Dungeon (11/15)            Temple (1/1) D:7            Lair (0/6) D:9
    Orc: D:9-12

Altars:
Ashenzari
Cheibriados
Dithmenos
Elyvilon
Fedhas
Gozag
Hepliaklqana
Kikubaaqudgha
Makhleb
Nemelex Xobeh
Okawaru
Qazlal
Ru
Sif Muna
Trog
Uskayaw
Vehumet
Xom
Yredelemnul
Zin
The Shining One

Shops:
D:6 =!?(:   D:7 ?

Annotations:
D:2 Jessica
D:9 2 runed translucent doors, exclusion: orange crystal statue


Innate Abilities, Weirdness & Mutations

You have a pair of horns on your head.
You reflexively headbutt those who attack you in melee.
You are frail. (-10% HP)
You evolve.


Message History

You whack the warg!
You kill the warg!
Trog accepts your kill.
The orc warrior hits you from afar with a +0 glaive!
You feel your intelligence returning. The orc warrior closely misses you.
You furiously retaliate!
You headbutt the orc warrior!
The hobgoblin hits you but does no damage.
The orc warrior hits you with a +0 glaive!
You whack the hobgoblin!
You kill the hobgoblin!
Trog accepts your kill. The orc warrior completely misses you.
You whack the orc warrior!
The orc warrior is severely wounded.
The orc warrior completely misses you.
You hit the orc warrior but do no damage.
The orc warrior is severely wounded.
The orc warrior completely misses you. You furiously retaliate!
You headbutt the orc warrior!
You kill the orc warrior!
Trog accepts your kill.
The orc warrior hits you from afar with a +0 glaive of freezing!
The orc warrior freezes you!
* * * LOW HITPOINT WARNING * * *
The orc priest calls down the wrath of Beogh upon you.
Beogh smites you!
* * * LOW HITPOINT WARNING * * *
The orc priest invokes the aid of Beogh against you.
Beogh smites you!
* * * LOW HITPOINT WARNING * * *
The orc warrior misses you.
You feel much better. The orc warrior closely misses you.
The orc warrior hits you from afar with a +0 glaive of freezing!
* * * LOW HITPOINT WARNING * * *
The orc warrior freezes you.
* * * LOW HITPOINT WARNING * * *
The orc priest calls down the wrath of Beogh upon you.
Beogh smites you!
You die...

##########
#........#
#........#
#........##
#........'# #####.##
+........####))....#
#.........#o.)#
#......@..oo##)#
#####'######)..#
#..# #.#.# #+# #.##
##o# #.# #.# .. #.#
#.# #. ##.#
#####'##### .
####..###.........#
........'....)....+


You could see an orc warrior, an orc priest and an orc.

Vanquished Creatures
  Pikel (D:8)
  A cyclops (D:8)
  A centaur zombie (D:11)
  A troll (D:8)
  A wyvern (D:9)
  A shadow (D:11)
  7 yaks
  Grum (D:8)
  Menkaure (D:5)
  Edmund (D:5)
  An acid dragon (D:8)
  A warg (D:11)
  6 orc warriors
  An ice beast (D:6)
  A hornet zombie (D:8)
  A black bear (D:6)
  2 ogres
  3 wolves (D:8)
  5 centaurs
  2 lemures (D:8)
  A phantom (D:6)
  A gnoll sergeant (D:7)
  A scorpion (D:3)
  A bullfrog (D:6)
  A water moccasin zombie (D:5)
  12 killer bees
  3 howler monkeys
  A vampire bat (D:3)
  Crazy Yiuf (D:7)
  3 bullfrog zombies
  4 hounds
  A centaur skeleton (D:5)
  10 orc priests
  A gnoll shaman (D:6)
  Ijyb (D:4)
  Terence (D:3)
  3 iguanas
  7 orc wizards
  Natasha (D:3)
  Robin (D:3)
  A howler monkey zombie (D:9)
  8 adders
  11 gnolls
  2 shadow imps
  3 white imps
  3 ufetubi
  5 dart slugs
  3 fire bats (D:3)
  29 orcs
  2 spectral bats (D:3)
  3 bat skeletons (D:3)
  5 endoplasms
  A giant cockroach (D:2)
  14 goblins
  14 hobgoblins
  5 jackals
  5 kobolds
  3 quokkas
  6 ball pythons
  12 bats
  A bat simulacrum (D:3)
  3 frilled lizards
  2 rats
235 creatures vanquished.

Vanquished Creatures (others)
  A bat zombie (D:3)
  A ball python (D:2)
2 creatures vanquished.

Grand Total: 237 creatures vanquished

Notes
Turn   | Place    | Note
-------+----------+-------------------------------------------
     0 | D:1      | TheAlmogaver the Minotaur Berserker began the quest for the
                  | Orb.
     0 | D:1      | Reached XP level 1. HP: 19/19 MP: 0/0
    63 | D:1      | Reached XP level 2. HP: 16/27 MP: 1/1
   847 | D:1      | Found a faded altar of an unknown god.
  1257 | D:2      | Reached XP level 3. HP: 26/33 MP: 2/2
  1428 | D:2      | Noticed Jessica
  2039 | D:3      | Noticed Terence
  2040 | D:3      | Reached ** piety under Trog
  2051 | D:3      | Killed Terence
  2052 | D:3      | Reached XP level 4. HP: 26/41 MP: 3/3
  2237 | D:3      | Noticed Robin
  2724 | D:3      | Killed Robin
  2915 | D:3      | Reached skill level 5 in Axes
  3103 | D:3      | Reached skill level 1 in Stealth
  3272 | D:3      | Noticed a scorpion
  3281 | D:3      | Killed a scorpion
  3282 | D:3      | Reached XP level 5. HP: 21/47 MP: 4/4
  3292 | D:3      | HP: 3/70 [poisoned by a scorpion]
  3643 | D:3      | Noticed a black bear
  3644 | D:3      | Noticed Natasha
  3695 | D:3      | Killed Natasha
  4495 | D:3      | Reached XP level 6. HP: 55/55 MP: 5/5
  4615 | D:4      | Noticed Ijyb
  4631 | D:4      | Killed Ijyb
  4632 | D:4      | Reached skill level 5 in Fighting
  4904 | D:4      | Reached *** piety under Trog
  4910 | D:4      | Reached XP level 7. HP: 44/61 MP: 6/6
  4917 | D:4      | Reached skill level 1 in Evocations
  5659 | D:5      | Entered Level 5 of the Dungeon
  5818 | D:5      | Noticed Menkaure
  5822 | D:5      | Killed Menkaure
  5823 | D:5      | Reached skill level 5 in Armour
  6036 | D:5      | Reached XP level 8. HP: 26/70 MP: 7/7
  6040 | D:5      | Noticed Edmund
  6050 | D:5      | Killed Edmund
  6457 | D:6      | Found Ronyxkef's Weapon Shoppe.
  6480 | D:6      | Found Balucog's Book Boutique.
  6500 | D:6      | Reached skill level 5 in Dodging
  6507 | D:6      | Found Liloet's Magic Scroll Emporium.
  6516 | D:6      | Bought a scroll of identify for 26 gold pieces
  6653 | D:6      | Found Toqep's Jewellery Emporium.
  6895 | D:6      | Found Xouxelid's Distillery.
  6902 | D:6      | Bought a potion of heal wounds for 75 gold pieces
  6902 | D:6      | Found an opulent altar of Gozag.
  7494 | D:6      | Found a hide-covered altar of Uskayaw.
  7699 | D:7      | Reached XP level 9. HP: 59/79 MP: 8/8
  7868 | D:7      | Found Cotis's Magic Scroll Shop.
  7884 | D:7      | Reached **** piety under Trog
  7955 | D:7      | Found a shadowy altar of Dithmenos.
  8062 | D:7      | Found a runed translucent door.
  8063 | D:7      | Found the +5 demon whip "Spellbinder" {antimagic, Will+}
  8063 | D:7      | Noticed Crazy Yiuf
  8098 | D:7      | Found a radiant altar of Vehumet.
  8426 | D:7      | Found a staircase to the Ecumenical Temple.
  8434 | Temple   | Entered the Ecumenical Temple
  8911 | D:7      | Killed Crazy Yiuf
  8952 | D:8      | Noticed Pikel
  9258 | D:8      | Killed Pikel
  9422 | D:8      | Noticed Grum
  9448 | D:8      | Killed Grum
 10004 | D:8      | Reached skill level 5 in Evocations
 10004 | D:8      | Reached XP level 10. HP: 88/90 MP: 3/9
 10174 | D:9      | Noticed a cyclops
 10184 | D:8      | Killed a cyclops
 10750 | D:9      | Found an iron altar of Okawaru.
 10789 | D:9      | Found a runed translucent door.
 10800 | D:9      | Found a runed translucent door.
 10928 | D:9      | Found a runed translucent door.
 10948 | D:9      | Found a runed translucent door.
 11014 | D:9      | Found a white marble altar of Elyvilon.
 11031 | D:9      | Reached skill level 5 in Maces & Flails
 11228 | D:9      | Found a staircase to the Lair.
 11417 | D:9      | Noticed an orange crystal statue
 11423 | D:9      | Noticed a two-headed ogre
 11555 | D:9      | Lost intelligence.
 12159 | D:9      | Noticed a two-headed ogre
 12166 | D:9      | HP: 2/91 [acid[an orange crystal statue] (11)]
 12352 | D:9      | Noticed a deep elf pyromancer
 12406 | D:10     | Entered Level 10 of the Dungeon
 12410 | D:10     | Gained mutation: You are frail. (-10% HP) [potion of
                  | mutation]
 12410 | D:10     | Gained mutation: You evolve. [potion of mutation]
 12679 | D:11     | HP: 2/82 [orc priest/divine providence (9)]
 12682 | D:11     | Killed from afar by an orc priest

Illustrated notes

Levels and vault maps discovered:
D:1:      heliophobic_arrival_glass_houses, layout_basic,
          dilly_ecumenical_altar_fadedgnrine
D:2:      layout_basic, lemuel_old_faithful, uniq_jessica
D:3:      layout_basic, goddamned_bats, uniq_robin, uniq_natasha, uniq_terence
D:4:      layout_loops_cross, uniq_ijyb
D:5:      layout_rooms, uniq_menkaure, uniq_edmund
D:6:      layout_gridville, mainiacjoe_overflow_catwalk,
          mainiacjoe_overflow_alcove_4, serial_co_window_serial,
          co_window_corner_a, co_window_paths_b, co_window_paths_a,
          co_window_paths_b, co_window_corner_a, co_window_broadway_c,
          co_window_paths_c, co_window_2corner, co_window_cross_2,
          co_window_corner_ca, glass_columns_c, glass_columns_b, serial_shops,
          nicolae_shop_crystal, nicolae_diamond_shop, shop,
          nicolae_shop_temple_entry_statues_fountains,
          minmay_shop_enchanted_jewellery
D:7:      layout_gridville, vehumet_altar_wand_db,
          nicolae_dithmenos_shadow_blocks, temple_statues, serial_shops,
          shop_fountains, uniq_crazy_yiuf_cottage
D:8:      layout_rooms, uniq_pikel, uniq_grum
D:9:      layout_cave_pools, okawaru_metal_pillars_1_2, kennysheep_mini,
          chequers_serial_rivers_micro_c, serial_park_tiny_pond,
          minmay_statue_crystal_thing
D:10:     layout_roguey, old_standard_altar, serial_shops,
          nicolae_shop_waterfront, lightli_bailey_entry_fortress, minivault_10,
          uniq_harold
D:11:     layout_roguey, erik_orc_3
Temple:   regret_index_temple_waves

Skill      XL: |  1  2  3  4  5  6  7  8  9 10 |
---------------+-------------------------------+-----
Fighting       | 4 5 6 7 8 9 |  9.7
Axes           | 4 5 6 7 8 |  8.5
Dodging        | 3 4 5 7 8 |  8.4
Stealth        | 1 |  1.4
Armour         | 3 4 5 6 8 9 |  9.3
Evocations     | 2 3 5 6 |  6.1
Maces & Flails | 3 5 |  5.8

Action                   |  1- 3 |  4- 6 |  7- 9 | 10-12 || total
-------------------------+-------+-------+-------+-------++-------
Melee: Hand axe          |    58 |   142 |    43 |       ||   243
       Headbutt          |    14 |    28 |    59 |    44 ||   145
       War axe           |       |       |   130 |       ||   130
       Demon whip        |       |       |    81 |   238 ||   319
Invok: Trog's Hand       |     1 |     1 |     3 |       ||     5
       Berserk           |       |       |     1 |       ||     1
  Use: Potion            |       |     1 |       |     8 ||     9
Armor: Animal skin       |    13 |     3 |       |       ||    16
       Chain mail        |       |    77 |   104 |     8 ||   189
       Troll leather arm |       |       |       |    82 ||    82
Dodge: Dodged            |    50 |    84 |   189 |   311 ||   634
